 Dungeon Crawl Stone Soup version 0.16-a0-791-gf1c67de (webtiles) character file.

273 Qrupt the Chopper (level 6, -2/50 HPs)
             Began as a Hill Orc Death Knight on Sept 28, 2014.
             Was a Believer of Yredelemnul.
             Slain by an iguana (10 damage)
             ... on Level 4 of the Dungeon.
             The game lasted 00:07:28 (2763 turns).

Qrupt the Chopper (Hill Orc Death Knight)           Turns: 2763, Time: 00:07:28

HP  -2/50        AC  5     Str 17      XL: 6   Next: 23%
MP  10/10        EV 10     Int 11      God: Yredelemnul [**....]
Gold 113         SH  5     Dex 11      Spells:  0 memorised,  5 levels left

rFire  . . .     SeeInvis .     a - +2 hand axe
rCold  + . .     Clarity  .     k - +2 leather armour {rC+}
rNeg   . . .     rCorr    .     m - +1 buckler
rPois  .         rRot     .     (no helmet)
rElec  .         Spirit   .     (no cloak)
SustAb .         Warding  .     (no gloves)
rMut   +         Stasis   .     (no boots)
Gourm  .                        l - amulet of resist mutation
MR     .....                    u - cursed -6 ring of slaying
                                p - ring of regeneration

@: not resistant to hostile enchantments, very unstealthy
A: no striking features
a: Animate Remains, Recall Undead Slaves, Injury Mirror, Renounce Religion


You were on level 4 of the Dungeon.
You worshipped Yredelemnul.
Yredelemnul was pleased with you.
You were hungry.

You visited 1 branch of the dungeon, and saw 4 of its levels.

You collected 113 gold pieces.

Inventory:

Hand weapons
 a - a +2 hand axe (weapon)
Armour
 k - a +2 leather armour of cold resistance (worn)
 m - a +1 buckler (worn)
Magical devices
 r - a wand of frost (3)
Comestibles
 c - 3 meat rations
 g - a beef jerky
 h - a bread ration
 i - a chunk of goblin flesh
Scrolls
 d - 2 scrolls of identify
 n - a scroll of noise
Jewellery
 l - an amulet of resist mutation (around neck)
 p - a ring of regeneration (left hand)
 q - an uncursed amulet of resist mutation
 u - a cursed -6 ring of slaying (right hand)
Potions
 b - 2 potions of haste
 f - 2 potions of curing {unknown}
 j - a potion of mutation {unknown}
 o - a potion of cure mutation {unknown}


   Skills:
 - Level 2.4 Fighting
 - Level 6.4 Axes
 - Level 1.1 Armour
 - Level 0.7 Dodging
 + Level 4.2 Shields
 - Level 3.6 Invocations


You had 5 spell levels left.
You didn't know any spells.

Dungeon Overview and Level Annotations

Branches:
Dungeon (4/15)
 Temple: D:4-7

Altars:
Vehumet

Annotations:
D:3 Grinder


Message History

The iguana barely misses you.
You hit the iguana but do no damage.
The iguana is severely wounded.
The iguana barely misses you.
You hit the iguana but do no damage.
The iguana is severely wounded.
The iguana closely misses you.
You hit the iguana but do no damage.
The iguana is severely wounded.
The iguana bites you.
* * * LOW HITPOINT WARNING * * *
You barely miss the iguana.
The iguana is severely wounded.
The iguana barely misses you.
You are feeling hungry.
You hit the iguana but do no damage.
The iguana is severely wounded.
The iguana bites you!
You die...
Your body rises from the dead as a mindless zombie.

..## ....# ..#.#
#.#.#
########...#
#....).#...#
#@####.#...######
#l# #.#.........#
#w# #.......#
.........#
####..#.#
........# #..>..#
.........
##..#####
####.....
#......# #......
#....#.# #......
####<#


You could see a worm and an iguana.

Vanquished Creatures
  An ogre (D:4)
  Natasha (thrice) (D:3)
  A worker ant (D:4)
  8 adders
  A worm (D:3)
  3 giant geckos
  An orc (D:2)
  A giant cockroach (D:3)
  6 goblins
  7 hobgoblins
  A quokka (D:2)
  2 ball pythons (D:3)
  6 bats
  4 giant newts
  4 jackals (D:1)
  8 kobolds
  5 rats
62 creatures vanquished.

Notes
Turn   | Place    | Note
--------------------------------------------------------------
     0 | D:1      | Qrupt, the Hill Orc Death Knight, began the quest for the Orb.
     0 | D:1      | Reached XP level 1. HP: 18/18 MP: 2/2
   365 | D:1      | Reached XP level 2. HP: 23/25 MP: 4/4
   555 | D:1      | Reached skill level 4 in Axes
   970 | D:1      | Reached XP level 3. HP: 14/30 MP: 5/5
  1151 | D:2      | Reached skill level 5 in Axes
  1231 | D:2      | Acquired Yredelemnul's second power
  1417 | D:2      | Reached XP level 4. HP: 34/37 MP: 7/7
  1694 | D:3      | Found a radiant altar of Vehumet.
  1695 | D:3      | Noticed Natasha
  1712 | D:3      | Killed Natasha
  1712 | D:3      | Reached skill level 6 in Axes
  1954 | D:3      | Noticed Natasha
  1959 | D:3      | Noticed Grinder
  1962 | D:3      | Killed Natasha
  2140 | D:2      | Reached skill level 1 in Shields
  2140 | D:2      | Reached XP level 5. HP: 31/42 MP: 8/8
  2428 | D:3      | Noticed Natasha
  2456 | D:3      | Killed Natasha
  2614 | D:4      | Noticed an ogre
  2711 | D:4      | Noticed an ogre
  2722 | D:4      | Killed an ogre
  2722 | D:4      | Reached XP level 6. HP: 50/50 MP: 10/10
  2763 | D:4      | Slain by an iguana

Action                   |  1- 3 |  4- 6 || total
-------------------------+-------+-------++-------
Melee: Hand axe          |   120 |   163 ||   283
Evoke: Wand              |       |     3 ||     3
  Use: Scroll            |       |     6 ||     6
  Eat: Chunk             |     1 |     5 ||     6
